[Event "ICC tourney 2308 (3 2)"]
[Site "Internet Chess Club"]
[Date "2021.01.15"]
[Round "4"]
[White "Dlugy"]
[Black "Sparta250"]
[Result "1-0"]
[ICCResult "Black resigns"]
[WhiteElo "2607"]
[BlackElo "2702"]
[Opening "Queen's pawn: London system"]
[ECO "A45"]
[NIC "QP.07"]
[Time "20:45:12"]
[PlyCount "111"]
[TimeControl "180+2"]

1. d4 Nf6 2. Bf4 g6 3. Nc3 d5 4. e3 Bg7 5. h4 h5 6. Nf3 Bg4 7. Be2 O-O 8.
Ne5 Bxe2 9. Qxe2 c5 10. O-O-O cxd4 11. exd4 Nc6 12. f3 Qb6 13. Nxc6 Qxc6
14. Qxe7 Rfe8 15. Qd6 Qc4 16. Be5 Re6 17. Qa3 Rc8 18. Qb3 Qa6 19. Qb5 Qxb5
20. Nxb5 a6 21. Nc3 Rec6 22. Kb1 Nd7 23. Bxg7 Kxg7 24. Rhe1 Nb6 25. Re7 Rb8
26. Rde1 Rc4 27. Rd1 Kf8 28. Re5 Rbc8 29. Rd2 Rxc3 30. bxc3 Nc4 31. Rd3
Nxe5 32. dxe5 Ke7 33. Rxd5 Rxc3 34. Rd6 Rc5 35. Rb6 Rxe5 36. Rxb7+ Kf8 37.
Ra7 Re2 38. Rxa6 Rxg2 39. Ra7 Rf2 40. Ra3 Rh2 41. Ra4 Rf2 42. Rf4 Ke7 43.
a4 f5 44. a5 Kd6 45. a6 Kc7 46. Rb4 Re2 47. a7 Re8 48. Rb8 Rxb8+ 49.
axb8=Q+ Kxb8 50. f4 Kc7 51. Kb2 Kd6 52. Kc3 Kd5 53. Kd3 Kc5 54. c4 Kd6 55.
Kd4 Kc6 56. c5 { Black resigns } 1-0

[Event "ICC tourney 2308 (3 2)"]
[Site "Internet Chess Club"]
[Date "2021.01.15"]
[Round "4"]
[White "Goran21"]
[Black "MasterZachary"]
[Result "0-1"]
[ICCResult "White resigns"]
[WhiteElo "2008"]
[BlackElo "2307"]
[Opening "Ruy Lopez: exchange, Bronstein variation"]
[ECO "C68"]
[NIC "RL.08"]
[Time "20:44:18"]
[PlyCount "100"]
[TimeControl "180+2"]

1. e4 e5 2. Nf3 Nc6 3. Bb5 a6 4. Bxc6 dxc6 5. O-O Qd6 6. d4 exd4 7. Nxd4
Bd7 8. Nc3 O-O-O 9. Be3 Qg6 10. Qe2 Bd6 11. f4 Bg4 12. Qf2 c5 13. Nb3 b6
14. a4 a5 15. Nd2 f6 16. f5 Qh5 17. Bf4 Bxf4 18. Qxf4 g5 19. fxg6 hxg6 20.
Nd5 Rd7 21. Rf2 g5 22. Qg3 Be6 23. c4 Bxd5 24. cxd5 Nh6 25. h3 f5 26. exf5
Rxd5 27. Raf1 Nxf5 28. Rxf5 Rxd2 29. Rf7 Rd7 30. Rxd7 Kxd7 31. Qd3+ Kc8 32.
Qd5 Kb8 33. Rf5 Qh4 34. Rxg5 Re8 35. Rg8 Qe1+ 36. Kh2 Rxg8 37. Qxg8+ Ka7
38. b3 Qe5+ 39. Qg3 Qe7 40. h4 Qf7 41. Qg4 Qxb3 42. h5 Qb4 43. Kh3 c4 44.
h6 c3 45. h7 c2 46. Qg5 Qc3+ 47. g3 c1=Q 48. Qxc1 Qxc1 49. h8=Q Qh1+ 50.
Kg4 Qxh8 { White resigns } 0-1

[Event "ICC tourney 2308 (3 2)"]
[Site "Internet Chess Club"]
[Date "2021.01.15"]
[Round "4"]
[White "ChiefDas"]
[Black "bnielsen19"]
[Result "0-1"]
[ICCResult "White resigns"]
[WhiteElo "1857"]
[BlackElo "1565"]
[Opening "Sicilian: Kan, 5.Nc3"]
[ECO "B43"]
[NIC "SI.41"]
[Time "20:44:35"]
[PlyCount "72"]
[TimeControl "180+2"]

1. e4 c5 2. Nf3 e6 3. d4 cxd4 4. Nxd4 a6 5. Nc3 Qc7 6. Be3 Bb4 7. Qd2 Nf6
8. f3 d5 9. Bd3 e5 10. Nde2 d4 11. Nxd4 exd4 12. Bxd4 Nc6 13. Bxf6 gxf6 14.
O-O-O Ne5 15. Be2 Be6 16. Qd4 Bxc3 17. bxc3 Rd8 18. Qa4+ Bd7 19. Qa3 Rc8
20. f4 Nc4 21. Bxc4 Qxc4 22. Qd6 Qe6 23. Qd4 Rd8 24. f5 Qe5 25. Qb4 Qe7 26.
Qxb7 O-O 27. Rd3 Qa3+ 28. Kd2 Bb5 29. Rd4 Rxd4+ 30. cxd4 Qb4+ 31. Kc1 Qxd4
32. Kb1 Qe5 33. Rd1 Be2 34. Rd2 Rb8 35. Rd7 Rxb7+ 36. Rxb7 Qxe4 { White
resigns } 0-1

[Event "ICC tourney 2308 (3 2)"]
[Site "Internet Chess Club"]
[Date "2021.01.15"]
[Round "4"]
[White "baldwinsthename"]
[Black "haarim"]
[Result "0-1"]
[ICCResult "White checkmated"]
[WhiteElo "1272"]
[BlackElo "1491"]
[Opening "French: advance, Nimzovich system"]
[ECO "C00"]
[NIC "FR.01"]
[Time "20:44:23"]
[PlyCount "114"]
[TimeControl "180+2"]

1. e4 e6 2. Nf3 d5 3. e5 c5 4. d4 cxd4 5. Nxd4 Nc6 6. Nc3 Nxe5 7. Bf4 Nc6
8. Bb5 Bd7 9. O-O a6 10. Bxc6 bxc6 11. Be3 c5 12. Nxe6 fxe6 13. Qh5+ g6 14.
Qg4 Nf6 15. Qf4 d4 16. Bd2 dxc3 17. Bxc3 Bg7 18. Rfe1 O-O 19. Qd6 Qc8 20.
h3 Qc6 21. Qg3 Ne4 22. Qd3 Nxf2 23. Qd2 Bxc3 24. bxc3 Bc8 25. Re2 Ne4 26.
Qd3 Bb7 27. Rae1 Nf6 28. Qg3 Nh5 29. Qg4 Nf4 30. Rd2 Nh5 31. Re5 Rf4 32.
Qxe6+ Qxe6 33. Rxe6 Raf8 34. Ree2 Rf1+ 35. Kh2 Nf4 36. Rf2 Rxf2 37. Rxf2
Nxg2 38. Rd2 Nh4 39. Kg3 Nf5+ 40. Kf4 Nd4+ 41. Ke5 Nf3+ 42. Kd6 Nxd2 43. c4
Nxc4+ 44. Kxc5 Ne3 45. a4 Nxc2 46. a5 h5 47. Kb6 g5 48. h4 gxh4 49. Kxb7 h3
50. Kxa6 h2 51. Kb7 h1=Q+ 52. Kb6 Rb8+ 53. Kc7 Qb7+ 54. Kd6 Rd8+ 55. Ke5
Qe7+ 56. Kf5 Rd5+ 57. Kg6 Qe6# { White checkmated } 0-1

[Event "ICC tourney 2308 (3 2)"]
[Site "Internet Chess Club"]
[Date "2021.01.15"]
[Round "4"]
[White "wolverine54"]
[Black "Jesuscalling"]
[Result "1-0"]
[ICCResult "Black resigns"]
[WhiteElo "2327"]
[BlackElo "2050"]
[Opening "Caro-Kann defense"]
[ECO "B15"]
[NIC "CK.05"]
[Time "20:44:21"]
[PlyCount "123"]
[TimeControl "180+2"]

1. e4 c6 2. d4 d5 3. Nc3 e6 4. Nf3 Bb4 5. exd5 exd5 6. Bd3 Nf6 7. O-O O-O
8. h3 h6 9. Bf4 Bd6 10. Qd2 Bxf4 11. Qxf4 Re8 12. Rfe1 Be6 13. Ne2 Nbd7 14.
Ng3 Nf8 15. Re2 Qb6 16. c3 Bd7 17. Ne5 c5 18. Qh4 cxd4 19. cxd4 Rac8 20.
Rae1 Be6 21. a3 N6d7 22. Nf3 Nf6 23. Kh2 Qb3 24. Ne5 N6d7 25. Bf5 Nxe5 26.
Rxe5 Qxb2 27. Bxe6 Rxe6 28. Nf5 Rce8 29. Qg3 Ng6 30. Rxe6 Rxe6 31. Rxe6
fxe6 32. Nxh6+ Kh7 33. Nf7 Qxd4 34. Ng5+ Kg8 35. Qb8+ Nf8 36. Qxf8+ Kxf8
37. Nxe6+ Ke7 38. Nxd4 Kd6 39. Kg3 Ke5 40. Nf3+ Ke4 41. Kg4 b5 42. Kg5 a5
43. Kg6 b4 44. axb4 axb4 45. Kxg7 b3 46. Nd2+ Kd3 47. Nxb3 Kc3 48. Nc1 Kc2
49. Ne2 Kd2 50. Nf4 d4 51. h4 Ke1 52. h5 Kxf2 53. h6 Kg3 54. Nd3 Kxg2 55.
h7 Kf3 56. h8=Q Ke3 57. Qh7 Kd2 58. Kf6 Kc3 59. Ke5 Kc4 60. Nf4 Kc5 61.
Qc7+ Kb4 62. Nd3+ { Black resigns } 1-0

[Event "ICC tourney 2308 (3 2)"]
[Site "Internet Chess Club"]
[Date "2021.01.15"]
[Round "4"]
[White "MarfaEs"]
[Black "BrodskyUTD"]
[Result "1-0"]
[ICCResult "Black resigns"]
[WhiteElo "2004"]
[BlackElo "2564"]
[Opening "Réti opening"]
[ECO "A14"]
[NIC "RE.11"]
[Time "20:44:18"]
[PlyCount "93"]
[TimeControl "180+2"]

1. Nf3 Nf6 2. g3 d5 3. Bg2 e6 4. c4 Be7 5. b3 O-O 6. Bb2 b6 7. O-O Bb7 8.
d3 c5 9. Nbd2 Nc6 10. e3 Qc7 11. Rc1 Rfd8 12. cxd5 Nxd5 13. d4 Ndb4 14.
dxc5 bxc5 15. a3 Nd3 16. Rc2 Nxb2 17. Rxb2 Qa5 18. a4 Bf6 19. Rc2 Nb4 20.
Rc1 Ba6 21. Ne1 Rac8 22. Nef3 Bxf1 23. Bxf1 Nd3 24. Bxd3 Rxd3 25. Qc2 Rcd8
26. Nc4 Rc3 27. Nxa5 Rxc2 28. Rxc2 g5 29. Rd2 Rb8 30. Rd3 g4 31. Nd2 Kg7
32. Nc6 Rb7 33. Na5 Rc7 34. Nac4 Rb7 35. Ne4 Be7 36. Kg2 Kg6 37. h3 h5 38.
hxg4 hxg4 39. f3 gxf3+ 40. Kxf3 Rb8 41. Ned2 f5 42. Rd7 Bf6 43. Rxa7 e5 44.
Ra6 e4+ 45. Kf2 Kg5 46. Rc6 Rh8 47. Kg2 { Black resigns } 1-0

[Event "ICC tourney 2308 (3 2)"]
[Site "Internet Chess Club"]
[Date "2021.01.15"]
[Round "4"]
[White "hackerguru"]
[Black "vikram251107"]
[Result "1/2-1/2"]
[ICCResult "Black ran out of time and White has no material to mate"]
[WhiteElo "1750"]
[BlackElo "2002"]
[Opening "English opening"]
[ECO "A16"]
[NIC "EO.64"]
[Time "20:44:29"]
[PlyCount "119"]
[TimeControl "180+2"]

1. c4 Nf6 2. Nc3 g6 3. g3 Bg7 4. Bg2 d6 5. e4 O-O 6. Nge2 e5 7. O-O Ne8 8.
d3 f5 9. exf5 Bxf5 10. Be3 Nc6 11. d4 Qd7 12. d5 Ne7 13. f3 Bh3 14. Ne4
Bxg2 15. Kxg2 Nf5 16. Bf2 Bh6 17. Qd3 Nf6 18. N2c3 Nh5 19. c5 Nh4+ 20. Kh1
Nxf3 21. Be3 Bxe3 22. Qxe3 Nd4 23. Qd2 Rf5 24. cxd6 cxd6 25. Rxf5 Qxf5 26.
Nxd6 Qf3+ 27. Qg2 Qxg2+ 28. Kxg2 b6 29. Nde4 Rd8 30. d6 Kf7 31. Rf1+ Ke6
32. Ng5+ Kd7 33. Nce4 Nf5 34. g4 Ne3+ 35. Kg1 Nxf1 36. gxh5 Ne3 37. Nf6+
Kc8 38. d7+ Rxd7 39. Nxd7 Kxd7 40. Nxh7 gxh5 41. Nf6+ Ke6 42. Nxh5 Nd1 43.
b3 Nc3 44. a3 Ne2+ 45. Kf2 Nd4 46. Ng7+ Kf7 47. Nh5 Nxb3 48. Ke3 Nd4 49.
Ke4 Ke6 50. Ng7+ Kf6 51. Ne8+ Ke7 52. Nc7 Nc6 53. h4 Kf6 54. h5 Kg5 55. Kd5
Na5 56. Kxe5 Nc4+ 57. Kd4 Nxa3 58. Kc3 Kxh5 59. Kb4 Nc2+ 60. Kb5 { Black
ran out of time and White has no material to mate } 1/2-1/2

[Event "ICC tourney 2308 (3 2)"]
[Site "Internet Chess Club"]
[Date "2021.01.15"]
[Round "4"]
[White "Retrospective"]
[Black "ASharikov"]
[Result "1-0"]
[ICCResult "Black resigns"]
[WhiteElo "2668"]
[BlackElo "2281"]
[Opening "Réti: King's Indian attack (Barcza system)"]
[ECO "A07"]
[NIC "QP.09"]
[Time "20:44:27"]
[PlyCount "123"]
[TimeControl "180+2"]

1. Nf3 d5 2. g3 c6 3. Bg2 Bg4 4. h3 Bxf3 5. Bxf3 e5 6. d3 Nf6 7. O-O Nbd7
8. e4 dxe4 9. dxe4 Nc5 10. Qe2 Qd7 11. Bg2 Rd8 12. Nd2 Be7 13. Nc4 Qc7 14.
a4 O-O 15. b3 Ne6 16. c3 a5 17. Rb1 Nd7 18. h4 Ndc5 19. Be3 Nd7 20. Bh3
Nec5 21. f3 Rfe8 22. Rfd1 Nf8 23. Qf2 b6 24. Bf1 Rxd1 25. Rxd1 Rd8 26. Rxd8
Qxd8 27. Qc2 Qc7 28. b4 Ncd7 29. bxa5 bxa5 30. Kh2 Bc5 31. Bc1 Ne6 32. Bh3
Ndf8 33. Nb2 Ba7 34. Nc4 h6 35. Ba3 Bc5 36. Bc1 Ba7 37. Qd1 Bc5 38. Bg2 Nd7
39. Qd3 Nb6 40. Nxa5 Nxa4 41. Nb3 Ba7 42. Qc4 Nac5 43. Nxc5 Bxc5 44. Bh3
Qd6 45. Bxe6 fxe6 46. Qe2 Ba7 47. Bd2 Qc5 48. Qg2 Qd6 49. Kh3 Kh7 50. g4
Qd3 51. g5 h5 52. g6+ Kg8 53. Kh2 Be3 54. Bxe3 Qxe3 55. Qa2 Qf4+ 56. Kg2
Qf6 57. Qa8+ Qf8 58. Qxc6 Qf6 59. Qe8+ Qf8 60. Qxe6+ Kh8 61. Qxe5 Qd8 62.
Qxh5+ { Black resigns } 1-0

[Event "ICC tourney 2308 (3 2)"]
[Site "Internet Chess Club"]
[Date "2021.01.15"]
[Round "4"]
[White "funpawn"]
[Black "yogokings12"]
[Result "1-0"]
[ICCResult "Black checkmated"]
[WhiteElo "1794"]
[BlackElo "1683"]
[Opening "Sicilian: dragon, Yugoslav attack, Rauser variation"]
[ECO "B76"]
[NIC "SI.17"]
[Time "20:44:25"]
[PlyCount "99"]
[TimeControl "180+2"]

1. e4 c5 2. Nf3 d6 3. d4 cxd4 4. Nxd4 Nf6 5. Nc3 g6 6. Be3 Bg7 7. f3 O-O 8.
Qd2 Nc6 9. O-O-O d5 10. Qe1 Qa5 11. Nb3 Qb4 12. exd5 Ne5 13. Bc5 Qf4+ 14.
Kb1 a5 15. Bxe7 Re8 16. Bd6 a4 17. Nd4 Qg5 18. h4 Qf4 19. Bb5 Bd7 20. Bxd7
Nfxd7 21. g3 Qf6 22. Ne4 Qd8 23. Qb4 a3 24. b3 Ra6 25. c4 Nxf3 26. Nxf3
Rxe4 27. Bf4 Re2 28. Rd2 Re8 29. Rhd1 Rb6 30. Qxa3 Bf8 31. d6 Ra6 32. Qb4
Qa8 33. Qc3 Bg7 34. Qc2 Rc6 35. Nd4 Rc5 36. Nb5 Re4 37. Nc7 Qc8 38. Nd5 Kh8
39. Re2 Rxe2 40. Qxe2 h5 41. Ne7 Qe8 42. Qd3 Ra5 43. Bd2 Ra8 44. Bc3 Nc5
45. Bxg7+ Kxg7 46. Qd4+ Kh7 47. Qf6 Ne6 48. d7 Qh8 49. Qxf7+ Kh6 50. Qxg6#
{ Black checkmated } 1-0

[Event "ICC tourney 2308 (3 2)"]
[Site "Internet Chess Club"]
[Date "2021.01.15"]
[Round "4"]
[White "jy2020"]
[Black "A4-H5"]
[Result "1-0"]
[ICCResult "Black forfeits on time"]
[WhiteElo "2213"]
[BlackElo "1999"]
[Opening "Sicilian: Nimzovich-Rubinstein variation"]
[ECO "B29"]
[NIC "SI.43"]
[Time "20:44:19"]
[PlyCount "125"]
[TimeControl "180+2"]

1. e4 c5 2. Nf3 Nf6 3. Nc3 d5 4. e5 Ne4 5. d3 Nxc3 6. bxc3 Bg4 7. Be2 Nc6
8. Bf4 Qa5 9. Qd2 e6 10. O-O h6 11. h3 Bh5 12. Rfe1 g5 13. Bg3 Bxf3 14.
Bxf3 d4 15. Be4 Qxc3 16. Qxc3 dxc3 17. Bxc6+ bxc6 18. Rab1 h5 19. f3 g4 20.
hxg4 hxg4 21. f4 c4 22. dxc4 O-O-O 23. Bf2 g3 24. Bxa7 Rh4 25. Rb8+ Kc7 26.
Rxd8 Kxd8 27. Be3 Kc7 28. Rb1 Bh6 29. Rf1 Bf8 30. Rf3 Rg4 31. a4 Ba3 32.
Kf1 c5 33. Ke2 Kb6 34. Kd3 Bb2 35. Ke4 Ba3 36. Rf1 Ka5 37. Rb1 Kxa4 38. Ra1
Kb4 39. Bxc5+ Kxc5 40. Rxa3 Kxc4 41. Ra7 Rg7 42. Rc7+ Kb4 43. Kd3 Rg8 44.
Rc4+ Kb5 45. Kxc3 Rh8 46. Rd4 Rh2 47. Rd2 Rh4 48. Rd3 Rg4 49. Rf3 Kc5 50.
Kd3 Kd5 51. Ke3 Rg6 52. Rf1 f6 53. exf6 Rxf6 54. Rd1+ Kc4 55. Rd3 Rf5 56.
Ke4 Rf7 57. Rxg3 Rd7 58. Rd3 Rg7 59. g3 Rg6 60. Ke5 Rh6 61. g4 Rg6 62. g5
Kc5 63. Rh3 { Black forfeits on time } 1-0

[Event "ICC tourney 2308 (3 2)"]
[Site "Internet Chess Club"]
[Date "2021.01.15"]
[Round "4"]
[White "DualMoneytime"]
[Black "rychessmaster1"]
[Result "0-1"]
[ICCResult "White resigns"]
[WhiteElo "1982"]
[BlackElo "2187"]
[Opening "Caro-Kann: exchange variation"]
[ECO "B13"]
[NIC "CK.02"]
[Time "20:44:28"]
[PlyCount "134"]
[TimeControl "180+2"]

1. e4 c6 2. d4 d5 3. exd5 cxd5 4. Bd3 Nf6 5. c3 Bg4 6. Qb3 Qd7 7. Bf4 Nc6
8. Nd2 e6 9. Ngf3 Bd6 10. Bg3 O-O 11. O-O Bxf3 12. Nxf3 a6 13. Ne5 Qc7 14.
f4 b5 15. Bf2 h6 16. Be3 Nd7 17. Rae1 Rae8 18. Qd1 f6 19. Ng6 Rf7 20. Qh5
Nb6 21. Nh4 Ne7 22. Bc1 Qd7 23. Ng6 f5 24. Nh4 Kf8 25. Nf3 Ng8 26. g4 Nf6
27. Qh4 Nxg4 28. Ne5 Bxe5 29. fxe5 g5 30. Qh5 Nc4 31. Bxc4 dxc4 32. h3 Kg7
33. hxg4 Ref8 34. gxf5 Rxf5 35. Rxf5 Rxf5 36. Rf1 Rxf1+ 37. Kxf1 b4 38. Qf3
bxc3 39. Qf6+ Kh7 40. bxc3 Qd5 41. Ba3 Qh1+ 42. Ke2 Qg2+ 43. Qf2 Qg4+ 44.
Kd2 Kg6 45. Bf8 Qe4 46. Qe3 Qb1 47. Qf2 Qb2+ 48. Ke1 Qxc3+ 49. Qd2 Qa1+ 50.
Ke2 Qb1 51. Bc5 Qe4+ 52. Kd1 g4 53. Qc2 Kf5 54. Qxe4+ Kxe4 55. Ke1 h5 56.
Kf2 c3 57. d5 Kxd5 58. Bb4 c2 59. Bd2 Kxe5 60. Be3 Kf5 61. Ke2 h4 62. Bg1
g3 63. Be3 h3 64. Kf3 h2 65. Kg2 Ke4 66. Bc1 Kd3 67. Kxg3 h1=Q { White
resigns } 0-1

[Event "ICC tourney 2308 (3 2)"]
[Site "Internet Chess Club"]
[Date "2021.01.15"]
[Round "4"]
[White "muzikmixer"]
[Black "Kinawa"]
[Result "0-1"]
[ICCResult "White resigns"]
[WhiteElo "1633"]
[BlackElo "1535"]
[Opening "Réti: King's Indian attack"]
[ECO "A05"]
[NIC "QP.11"]
[Time "20:44:31"]
[PlyCount "120"]
[TimeControl "180+2"]

1. Nf3 Nf6 2. g3 g6 3. Bg2 Bg7 4. O-O O-O 5. c4 Nc6 6. Nc3 d6 7. e4 e5 8.
d4 exd4 9. Nxd4 Nxd4 10. Qxd4 Nd7 11. Qd1 Ne5 12. Qe2 Be6 13. b3 Nxc4 14.
Bb2 Nxb2 15. Qxb2 Qf6 16. Rac1 c6 17. Qa3 Qe7 18. Rfe1 Be5 19. Nd5 cxd5 20.
exd5 Bf5 21. Re3 Qd7 22. Rce1 Rfe8 23. Qc1 Rac8 24. Qd1 Bc2 25. Qd2 Bf5 26.
f4 Bg7 27. Rxe8+ Rxe8 28. Rxe8+ Qxe8 29. Bf3 Qb5 30. Kg2 Bd7 31. Qe2 Bf6
32. Qxb5 Bxb5 33. a4 Bd3 34. Kf2 Bc2 35. Be2 Bxb3 36. Bb5 Bxd5 37. Ke3 Kf8
38. Bd7 Ke7 39. Bb5 a6 40. Bd3 Bb3 41. a5 Bc3 42. Be4 d5 43. Bd3 Bxa5 44.
Kd4 Bb4 45. Ke3 a5 46. Kd4 a4 47. Bb1 a3 48. Kd3 a2 49. Bxa2 Bxa2 50. Kd4
Bb3 51. Kd3 Kd6 52. Kd4 b5 53. Kd3 Bc4+ 54. Kd4 Bc5+ 55. Kc3 b4+ 56. Kc2
b3+ 57. Kd2 Bd4 58. Ke1 b2 59. Kd2 b1=Q 60. f5 Qd3+ { White resigns } 0-1

[Event "ICC tourney 2308 (3 2)"]
[Site "Internet Chess Club"]
[Date "2021.01.15"]
[Round "4"]
[White "sahina"]
[Black "MrWizard"]
[Result "0-1"]
[ICCResult "White forfeits on time"]
[WhiteElo "1550"]
[BlackElo "2019"]
[Opening "Queen's pawn, Mason variation"]
[ECO "D00"]
[NIC "QP.08"]
[Time "20:48:37"]
[PlyCount "76"]
[TimeControl "180+2"]

1. d4 d5 2. Bf4 c6 3. e3 Nf6 4. Nf3 Nh5 5. Bg3 Nxg3 6. hxg3 Qb6 7. Nbd2
Qxb2 8. a4 Qb6 9. Bd3 h6 10. Ne5 Nd7 11. Qf3 Nxe5 12. dxe5 e6 13. Qh5 Bb4
14. Rb1 Bxd2+ 15. Kxd2 Qa5+ 16. Ke2 Qxa4 17. Rh4 Qa5 18. Rf4 Qc7 19. Rh1 a5
20. Qg4 Qxe5 21. Rh5 Qc3 22. Rd4 g5 23. Qf3 Qa3 24. Qf6 Rf8 25. Rxh6 Qe7
26. Qe5 a4 27. Rh8 a3 28. Rxf8+ Qxf8 29. Rb4 Qxb4 30. Qh8+ Qf8 31. Qh1 a2
32. Qa1 Bd7 33. g4 Qa3 34. f3 Qb4 35. Qh8+ Ke7 36. Qxa8 Qb1 37. c3 a1=Q 38.
Bxb1 Qxa8 { White forfeits on time } 0-1

[Event "ICC tourney 2308 (3 2)"]
[Site "Internet Chess Club"]
[Date "2021.01.15"]
[Round "4"]
[White "SuperBlueSky"]
[Black "GrandWizard"]
[Result "1/2-1/2"]
[ICCResult "Game drawn by repetition"]
[WhiteElo "1562"]
[BlackElo "1806"]
[Opening "Dutch defense"]
[ECO "A84"]
[NIC "HD.10"]
[Time "20:44:25"]
[PlyCount "164"]
[TimeControl "180+2"]

1. d4 f5 2. c4 c6 3. Nc3 d5 4. Nf3 e6 5. cxd5 cxd5 6. Bf4 Bd6 7. Bxd6 Qxd6
8. Rc1 a6 9. e3 Nc6 10. a3 Nf6 11. b4 b5 12. Be2 Ne4 13. O-O O-O 14. Qc2
Bb7 15. Nd2 Nxd2 16. Qxd2 g5 17. Rfe1 Ne7 18. Nb1 g4 19. Qd3 h5 20. Nd2 Ng6
21. Nb3 Rae8 22. Nc5 Bc8 23. Rc2 e5 24. dxe5 Nxe5 25. Qd4 Qg6 26. Qxd5+ Kh7
27. Nd3 Nf3+ 28. Bxf3 Rd8 29. Nf4 Qg7 30. Qc6 gxf3 31. Qxf3 Bb7 32. Qg3
Qxg3 33. hxg3 Kh6 34. Ne6 Be4 35. Rc3 Rc8 36. Rec1 Rxc3 37. Rxc3 Re8 38.
Nf4 Rd8 39. Rc7 Rd1+ 40. Kh2 Rd2 41. Re7 Rxf2 42. Re6+ Kg7 43. Rxa6 Ra2 44.
Nxh5+ Kf7 45. Nf4 Ke7 46. Ra5 Ra1 47. Rxb5 Rxa3 48. Re5+ Kd7 49. Nd5 Bxd5
50. Rxd5+ Ke6 51. Rb5 Rxe3 52. Rb8 Kd7 53. b5 Kc7 54. Rf8 Re5 55. Rf6 Rxb5
56. Kh3 Kd7 57. Kh4 Ke7 58. Rc6 Rb2 59. Kh3 Rb5 60. g4 f4 61. Rc4 Rb3+ 62.
Kh2 f3 63. gxf3 Rxf3 64. Rc6 Kf7 65. Kg2 Rf4 66. Kg3 Rf1 67. Kh4 Kg7 68.
Kg5 Ra1 69. Kh5 Ra5+ 70. g5 Rb5 71. Kh4 Rb4+ 72. Kh5 Rb1 73. Rc7+ Kg8 74.
Kg6 Rb6+ 75. Kh5 Rb5 76. Rc6 Kg7 77. Rc7+ Kg8 78. Kg6 Rb6+ 79. Kh5 Rb1 80.
Kg6 Rb6+ 81. Kh5 Rb5 82. Rc6 Kg7 { Game drawn by repetition } 1/2-1/2

[Event "ICC tourney 2308 (3 2)"]
[Site "Internet Chess Club"]
[Date "2021.01.15"]
[Round "4"]
[White "KingRayfish"]
[Black "Ayushb"]
[Result "1/2-1/2"]
[ICCResult "Game drawn because neither player has mating material"]
[WhiteElo "1469"]
[BlackElo "1769"]
[Opening "Giuoco Pianissimo"]
[ECO "C50"]
[NIC "IG.02"]
[Time "20:44:32"]
[PlyCount "177"]
[TimeControl "180+2"]

1. e4 e5 2. Nf3 Nc6 3. Bc4 Bc5 4. d3 h6 5. Nc3 Nf6 6. O-O O-O 7. h3 d6 8.
Be3 Bxe3 9. fxe3 Na5 10. Bb3 Nxb3 11. axb3 Bd7 12. Qd2 Bc6 13. Rae1 Re8 14.
Ne2 g6 15. c4 a5 16. Ra1 b6 17. b4 axb4 18. Qxb4 Qd7 19. Qc3 Kg7 20. b4 b5
21. c5 Bb7 22. Rfc1 c6 23. cxd6 Qxd6 24. Kf2 Rad8 25. Rd1 Ba8 26. Ra6 Qe7
27. Rda1 c5 28. Ra7 cxb4 29. Qb3 Qf8 30. g4 Re7 31. R7a5 Red7 32. Ne1 Qc5
33. Ng3 Qc3 34. Qxc3 bxc3 35. Rxa8 Rxa8 36. Rxa8 Rc7 37. Ra2 b4 38. Ne2 b3
39. Ra3 b2 40. Rb3 Nd7 41. Nxc3 Rxc3 42. Rxb2 Nc5 43. Rd2 Nb3 44. Rb2 Nc5
45. Rd2 Nb3 46. Rd1 Nc5 47. Kg3 g5 48. h4 gxh4+ 49. Kxh4 Kg6 50. Kg3 Kg5
51. Nf3+ Kf6 52. Ne1 Nxe4+ 53. dxe4 Rxe3+ 54. Kf2 Rxe4 55. Kf3 Rf4+ 56. Kg3
Kg5 57. Nd3 Rxg4+ 58. Kf2 Rd4 59. Ke2 f6 60. Rf1 e4 61. Ne1 f5 62. Rg1+ Kf6
63. Ng2 Ke5 64. Nh4 Rd6 65. Rf1 Rf6 66. Ng2 f4 67. Nh4 h5 68. Kf2 f3 69.
Ke3 f2 70. Rxf2 Rxf2 71. Kxf2 Kf4 72. Ng2+ Kg4 73. Kg1 Kg3 74. Kh1 h4 75.
Kg1 h3 76. Ne1 e3 77. Nc2 e2 78. Kh1 Kf3 79. Ne1+ Kf2 80. Nd3+ Ke3 81. Ne1
Kd2 82. Nf3+ Kd1 83. Kh2 Kc2 84. Kxh3 Kd3 85. Kg2 Ke3 86. Ne1 Kd2 87. Nf3+
Kd1 88. Kf2 e1=Q+ 89. Nxe1 { Game drawn because neither player has mating
material } 1/2-1/2

[Event "ICC tourney 2308 (3 2)"]
[Site "Internet Chess Club"]
[Date "2021.01.15"]
[Round "4"]
[White "MrNormalName"]
[Black "drberkley"]
[Result "1-0"]
[ICCResult "Black resigns"]
[WhiteElo "2174"]
[BlackElo "1952"]
[Opening "King's Indian: Gligoric-Taimanov system"]
[ECO "E92"]
[NIC "KI.18"]
[Time "20:49:43"]
[PlyCount "85"]
[TimeControl "180+2"]

1. d4 Nf6 2. c4 g6 3. Nc3 Bg7 4. e4 d6 5. Nf3 O-O 6. Be2 e5 7. Be3 Nc6 8.
d5 Ne7 9. Nd2 Nd7 10. f3 f5 11. O-O f4 12. Bf2 g5 13. a4 a5 14. Nb5 Nf6 15.
c5 h5 16. cxd6 cxd6 17. Rc1 Ne8 18. Nc4 Ng6 19. Nb6 Rb8 20. Nxc8 Rxc8 21.
Qd2 Rf7 22. Rxc8 Qxc8 23. Rc1 Qd8 24. Qc3 Ne7 25. Nc7 Nxc7 26. Qxc7 Qxc7
27. Rxc7 Ng6 28. Bb6 Nh4 29. Bxa5 g4 30. Rxf7 Kxf7 31. fxg4 hxg4 32. Bxg4
Bh6 33. Bd8 Ng6 34. Bh5 Bg7 35. a5 Bf6 36. Bxf6 Kxf6 37. Bxg6 Kxg6 38. b4
Kf6 39. b5 Ke7 40. a6 bxa6 41. bxa6 Kd7 42. a7 Kc7 43. a8=Q { Black resigns
} 1-0

[Event "ICC tourney 2308 (3 2)"]
[Site "Internet Chess Club"]
[Date "2021.01.15"]
[Round "5"]
[White "yogokings12"]
[Black "DualMoneytime"]
[Result "0-1"]
[ICCResult "White resigns"]
[WhiteElo "1683"]
[BlackElo "1982"]
[Opening "French: Steinitz, Boleslavsky variation"]
[ECO "C11"]
[NIC "FR.04"]
[Time "20:59:09"]
[PlyCount "46"]
[TimeControl "180+2"]

1. e4 e6 2. d4 d5 3. Nc3 Nf6 4. e5 Nfd7 5. f4 c5 6. Nf3 Nc6 7. Be3 Qb6 8.
Na4 Qa5+ 9. c3 cxd4 10. b4 Nxb4 11. cxb4 Bxb4+ 12. Bd2 Bxd2+ 13. Nxd2 b6
14. Bd3 Ba6 15. Nb2 Nc5 16. Bxa6 Qxa6 17. Qe2 Qa3 18. Nd1 Nd3+ 19. Kf1 Nxf4
20. Qb5+ Ke7 21. Nf2 Rhc8 22. g3 Rc1+ 23. Rxc1 Qxc1+ { White resigns } 0-1

[Event "ICC tourney 2308 (3 2)"]
[Site "Internet Chess Club"]
[Date "2021.01.15"]
[Round "5"]
[White "pyaru536"]
[Black "stephenwilly"]
[Result "1-0"]
[ICCResult "Black checkmated"]
[WhiteElo "2092"]
[BlackElo "1460"]
[Opening "Old Benoni defense"]
[ECO "A44"]
[NIC "OI.09"]
[Time "20:59:07"]
[PlyCount "39"]
[TimeControl "180+2"]

1. d4 c5 2. d5 e5 3. c4 f5 4. Nc3 Nf6 5. g3 d6 6. Bg2 Be7 7. e4 fxe4 8.
Nxe4 Nxe4 9. Bxe4 Nd7 10. Qh5+ Kf8 11. Qe2 Nf6 12. Bg2 Bf5 13. Nf3 b5 14.
O-O bxc4 15. Qxc4 Be4 16. Ng5 Bf5 17. f4 Qd7 18. fxe5 dxe5 19. d6 Rc8 20.
Qf7# { Black checkmated } 1-0

[Event "ICC tourney 2308 (3 2)"]
[Site "Internet Chess Club"]
[Date "2021.01.15"]
[Round "5"]
[White "Openyagami"]
[Black "Retrospective"]
[Result "1/2-1/2"]
[ICCResult "Game drawn by repetition"]
[WhiteElo "2606"]
[BlackElo "2668"]
[Opening "English: symmetrical variation"]
[ECO "A38"]
[NIC "EO.64"]
[Time "20:59:04"]
[PlyCount "35"]
[TimeControl "180+2"]

1. c4 c5 2. Nf3 Nc6 3. g3 Nf6 4. Bg2 g6 5. O-O Bg7 6. Nc3 d5 7. cxd5 Nxd5
8. Qa4 O-O 9. Nxd5 Qxd5 10. d3 Qh5 11. Be3 Bd7 12. a3 b6 13. Rab1 Rad8 14.
Qa6 Bc8 15. Qa4 Bd7 16. Qa6 Bc8 17. Qa4 Bd7 18. Qa6 { Game drawn by
repetition } 1/2-1/2

[Event "ICC tourney 2308 (3 2)"]
[Site "Internet Chess Club"]
[Date "2021.01.15"]
[Round "5"]
[White "RatislavK"]
[Black "ZYCON"]
[Result "1-0"]
[ICCResult "Black resigns"]
[WhiteElo "1533"]
[BlackElo "1385"]
[Opening "Sicilian: Alapin's variation (2.c3)"]
[ECO "B22"]
[NIC "SI.46"]
[Time "20:58:59"]
[PlyCount "29"]
[TimeControl "180+2"]

1. e4 c5 2. c3 d5 3. exd5 Qxd5 4. Nf3 Nc6 5. d4 cxd4 6. cxd4 Nf6 7. Nc3 Qd8
8. d5 Nb8 9. Be3 Bg4 10. h3 Bh5 11. Qa4+ Qd7 12. Bb5 Nc6 13. dxc6 Qc7 14.
Bf4 Qd8 15. c7+ { Black resigns } 1-0